 Dungeon Crawl Stone Soup version 0.31-a0-217-g58bb5d79cf (webtiles) character file.

Game seed: 866733380854931935

13630 holysushi the Impaler (level 12, -15/83 HPs)
             Began as a Formicid Fighter on July 2, 2023.
             Was an Initiate of Gozag.
             Demolished by Rupert
             ... wielding a +1 battleaxe of flaming
              (34 damage)
             ... on level 13 of the Dungeon.
             The game lasted 00:19:35 (11600 turns).

holysushi the Impaler (Formicid Fighter)           Turns: 11600, Time: 00:19:35

Health: -15/83     AC:  7    Str: 16    XL:     12   Next: 35%
Magic:  12/12      EV: 25    Int:  6    God:    Gozag
Gold:   118        SH: 14    Dex: 38    Spells: 11/11 levels left

rFire   + . .        w - +0 halberd (heavy)
rCold   + . .        c - +1 buckler
rNeg    . . .        y - +3 leather armour of Qiuruytt {Regen+ Str-4 Int-4 Dex+9}
rPois   +            (helmet unavailable)
rElec   +            p - +0 cloak
rCorr   +            (no gloves)
SInv    +            (no boots)
Will    ++...        K - amulet of reflection
Stlth   +++          H - +6 ring of dexterity
HPRegen 1.13/turn    I - +6 ring of dexterity
MPRegen 0.13/turn

%: reflection
@: mighty, resistant, enlightened, flying
A: permanent stasis, dig shafts and tunnels, antennae 3, four strong arms
a: Dig, Shaft Self, Renounce Religion, Potion Petition, Call Merchant, Bribe
Branch


You were on level 13 of the Dungeon.
You worshipped Gozag.
Gozag was aware of your devotion.
You visited 2 branches of the dungeon, and saw 14 of its levels.
You also visited: Ossuary.

You collected 1974 gold pieces.
You spent 981 gold pieces at shops.
You paid 875 gold pieces to Gozag.

Inventory:

Hand Weapons
 a - a +1 trident
 w - a +0 heavy halberd (weapon)
 M - a +0 glaive
Armour
 b - a +0 scale mail
 c - a +1 buckler (worn)
 n - a +2 ring mail of cold resistance
 p - a +0 cloak (worn)
 y - the +3 leather armour of Qiuruytt (worn) {Regen+ Str-4 Int-4 Dex+9}
   (You took it off a gnoll on level 4 of the Dungeon)

   Str:       It affects your strength (-4).
   Int:       It affects your intelligence (-4).
   Dex:       It affects your dexterity (+9).
   Regen:     It increases your rate of health regeneration.
Jewellery
 H - a +6 ring of dexterity (left hand)
 I - a +6 ring of dexterity (right hand)
 J - a ring of willpower
 K - an amulet of reflection (around neck)
Wands
 A - a wand of paralysis (31)
 D - a wand of flame (25)
 F - a wand of digging (1)
Scrolls
 e - 11 scrolls of identify
 i - 4 scrolls of blinking
 j - a scroll of fear {unknown}
 l - 2 scrolls of revelation
 o - 4 scrolls of poison
 q - 10 scrolls of teleportation
 s - a scroll of summoning
 G - a scroll of enchant armour
 L - a scroll of torment {unknown}
Potions
 d - 2 potions of might
 f - 2 potions of enlightenment
 g - 4 potions of mutation
 h - 3 potions of haste
 k - 4 potions of degeneration
 m - 10 potions of curing
 r - 5 potions of heal wounds
 t - a potion of magic
 u - 2 potions of resistance
 x - a potion of lignification {unknown}
 z - a potion of cancellation {unknown}
 B - a potion of attraction {unknown}
 C - a potion of brilliance {unknown}
Miscellaneous
 v - a phantom mirror


   Skills:
 - Level 4.0 Fighting
 + Level 15.1 Polearms
 - Level 3.2 Armour
 - Level 10.0 Dodging
 - Level 3.0 Stealth
 - Level 4.0 Shields
 - Level 3.0 Evocations


You had 11 spell levels left.
You didn't know any spells.
Your spell library contained the following spells:

 Spells                   Type           Power      Damage    Failure   Level
 Kiss of Death            Conj/Necr      0%         2d5       61%         1
 Necrotise                Necr           0%         1d4       61%         1
 Cigotuvi's Dreadful Rot  Necr/Pois/Air  0%         N/A       75%         2
 Lesser Beckoning         Tloc           0%         N/A       75%         2
 Confusing Touch          Hex            0%         N/A       93%         3
 Gell's Gravitas          Tloc           0%         N/A       93%         3
 Ignite Poison            Fire/Tmut/Pois 0%         N/A       93%         3
 Inner Flame              Hex/Fire       0%         N/A       93%         3
 Teleport Other           Tloc           0%         N/A       93%         3
 Vampiric Draining        Necr           0%         2d6       93%         3
 Animate Armour           Summ/Erth      0%         N/A       100%        4
 Dispel Undead            Necr           0%         3d6       100%        4
 Manifold Assault         Tloc           0%         N/A       100%        4
 Summon Lightning Spire   Summ/Air       0%         N/A       100%        4
 Agony                    Necr           0%         N/A       100%        5
 Blade Hands              Tmut           0%         N/A       100%        5
 Freezing Cloud           Conj/Ice/Air   0%         6-21      100%        5
 Yara's Violent Unravell  Hex/Tmut       0%         3d3       100%        5
 Enfeeble                 Hex            0%         N/A       100%        7
 Storm Form               Tmut/Air       0%         N/A       100%        7
 Blink                    Tloc           Unusable   N/A       N/A         2

Dungeon Overview and Level Annotations

Branches:
Dungeon (13/15) Zot: 26970  Temple (1/1) D:4 Zot: 5740    Lair (0/5) D:8
    Orc (0/2) D:9         Ossuary (visited)
 Vaults: D:13-14

Altars:
Ashenzari
Cheibriados
Dithmenos
Elyvilon
Fedhas
Gozag
Hepliaklqana
Kikubaaqudgha
Makhleb
Nemelex Xobeh
Okawaru
Qazlal
Ru
Sif Muna
Trog
Uskayaw
Vehumet
Wu Jian
Xom
Yredelemnul
Zin
The Shining One

Shops:
D:3 *   D:4 :   D:9 =

Annotations:
D:3 1 runed translucent door, Crazy Yiuf
D:4 2 runed translucent doors, Edmund; NightmareEGirl's ghost, amateur GrFi
D:8 3 runed translucent doors, Ofeo's ghost, novice AtRe
D:13 Rupert; Sonja


Innate Abilities, Weirdness & Mutations

You cannot be hasted, slowed, berserked, paralysed or teleported.
You can dig through walls and to a lower floor.
You have a pair of large antennae on your head. (SInv)
Your four strong arms can wield two-handed weapons with a shield.


Message History

You hear a shout!
Okay, then.
You feel very mighty all of a sudden. You block the centaur warrior's attack.
The centaur warrior kicks you but does no damage.
You block the ogre's attack.
You closely miss Rupert.
Rupert hits you with a +1 battleaxe of flaming!!
Rupert burns you! [a] - 330 gold - resistance and enlightenment [b] - 672 gold - invisibility, might, heal wounds, curing and magic [c] - 280 gold - resistance Purchase which effect?
You don't have enough gold for that! [a] - 330 gold - resistance and enlightenment [b] - 672 gold - invisibility, might, heal wounds, curing and magic [c] - 280 gold - resistance Purchase which effect? [a] - 330 gold - resistance and enlightenment [b] - 672 gold - invisibility, might, heal wounds, curing and magic [c] - 280 gold - resistance Purchase which effect? [a] - 330 gold - resistance and enlightenment [b] - 672 gold - invisibility, might, heal wounds, curing and magic [c] - 280 gold - resistance Purchase which effect?
You no longer have enough gold to petition Gozag for potion effects.
You feel protected.
You feel very buoyant.
You fly up into the air.
The centaur warrior hits you! The centaur warrior misses you.
Rupert misses you. The ogre completely misses you.
The centaur warrior hits you. You block the centaur warrior's attack.
It was a potion of magic.
Magic courses through your body.
Rupert hits you with a +1 battleaxe of flaming!
The centaur warrior hits you!
* * * LOW HITPOINT WARNING * * *
The centaur warrior kicks you but does no damage.
Rupert hits you with a +1 battleaxe of flaming!!
You die...
Your body crumbles into a pile of gold.

...........#..##
.K.............#
...............#
.................#
.................#
...{............#
...............#
##...###OK....<#
#... #@......#
.###...###@c.....#
...{.............#
.................#
.................#
.................#
...........##....#
............###..#
c..........## .##


You could see Rupert (berserk), a centaur warrior, Sonja and an ogre.

Vanquished Creatures
  Snorg (D:12)
  2 two-headed ogres
  A cyclops (D:11)
  A gargoyle (D:12)
  2 unseen horrors
  A komodo dragon (D:11)
  2 trolls
  A hornet (D:8)
  4 slime creatures (D:12)
  2 shadows
  A wyvern (D:7)
  9 yaks
  Eustachio (D:6)
  3 wraiths
  Grum (D:11)
  3 steam dragons
  Menkaure (D:6)
  2 acid dragons
  Duvessa (D:7)
  2 water moccasins (D:8)
  9 orc warriors
  A sky beast (D:7)
  An ice beast (D:8)
  4 black bears
  3 centaurs
  8 ogres
  2 wolves (D:11)
  2 phantoms (D:7)
  5 kobold brigands
  7 bullfrogs
  A water moccasin zombie (Ossuary)
  4 gnoll sergeants (D:9)
  3 scorpions
  Dowan (D:7)
  9 killer bees
  10 howler monkeys
  2 jellies (D:6)
  4 hounds
  7 orc priests
  3 iguanas
  7 orc wizards
  3 mummies
  10 gnolls
  9 adders
  2 shadow imps
  2 ufetubi
  3 adder zombies (Ossuary)
  A worm (D:3)
  A dart slug (D:4)
  36 orcs
  3 bats
  9 endoplasms
  4 giant cockroaches
  6 goblins
  7 hobgoblins
  4 jackals
  5 quokkas
  10 ball pythons
  5 frilled lizards
  6 gnoll zombies (Ossuary)
  6 hobgoblin zombies (Ossuary)
  21 kobolds
  2 kobold zombies (Ossuary)
  3 orc zombies (Ossuary)
  9 rats
301 creatures vanquished.

Vanquished Creatures (others)
  A deep elf pyromancer (D:12)
1 creature vanquished.

Grand Total: 302 creatures vanquished

Notes
Turn   | Place    | Note
-------+----------+-------------------------------------------
     0 | D:1      | holysushi the Formicid Fighter began the quest for the Orb.
     0 | D:1      | Reached XP level 1. HP: 18/18 MP: 1/1
    96 | D:1      | Reached XP level 2. HP: 21/24 MP: 2/2
   275 | D:1      | Reached skill level 3 in Polearms
   650 | D:1      | Reached XP level 3. HP: 29/29 MP: 3/3
  1246 | D:2      | Reached skill level 4 in Polearms
  1246 | D:2      | Reached XP level 4. HP: 35/35 MP: 4/4
  1973 | D:3      | Found a bloodstained altar of Trog.
  2050 | D:3      | Found a hazy altar of Hepliaklqana.
  2180 | D:3      | Reached XP level 5. HP: 41/41 MP: 5/5
  2231 | D:3      | Found Miotemp's General Store.
  2236 | D:3      | Bought a scroll of brand weapon for 123 gold pieces
  2290 | D:3      | Found a runed translucent door.
  2291 | D:3      | Noticed Crazy Yiuf
  2400 | D:3      | Found a broken altar of Ashenzari.
  2494 | D:3      | Reached skill level 5 in Polearms
  2579 | D:4      | Found Gymum's Vocational Training.
  2601 | D:4      | Found a staircase to the Ecumenical Temple.
  2628 | Temple   | Entered the Ecumenical Temple
  2877 | D:4      | Found a runed translucent door.
  2880 | D:4      | Noticed NightmareEGirl's ghost (amateur GrFi)
  2881 | D:4      | Noticed a bullfrog
  2886 | D:4      | Killed a bullfrog
  2887 | D:4      | Reached XP level 6. HP: 36/47 MP: 6/6
  2903 | D:4      | Found a runed translucent door.
  2927 | D:4      | Found a sand-covered staircase.
  2935 | D:4      | Reached skill level 6 in Polearms
  2954 | D:4      | Noticed an ogre
  2983 | Ossuary  | Entered an ossuary
  3309 | D:4      | Killed an ogre
  3310 | D:4      | Reached skill level 7 in Polearms
  3310 | D:4      | Reached XP level 7. HP: 35/52 MP: 7/7
  4073 | D:4      | Noticed Edmund
  4310 | Temple   | Became a worshipper of Gozag Ym Sagoz the Greedy
  4365 | D:4      | Found a white marble altar of Elyvilon.
  4414 | D:4      | Identified the +7 plate armour of Hubris {rF+}
  4463 | D:5      | Entered Level 5 of the Dungeon
  4506 | D:5      | Identified the +3 leather armour of Qiuruytt {Regen+ Str-4
                  | Int-4 Dex+9}
  4672 | D:4      | Reached skill level 8 in Polearms
  4808 | D:5      | Reached skill level 1 in Dodging
  4843 | D:5      | Reached XP level 8. HP: 57/58 MP: 8/8
  5169 | D:5      | Reached skill level 9 in Polearms
  5230 | D:5      | Found an ancient bone altar of Kikubaaqudgha.
  5230 | D:5      | Found a glowing silver altar of Zin.
  5231 | D:5      | Found a snail-covered altar of Cheibriados.
  5233 | D:5      | Found a hide-covered altar of Uskayaw.
  5233 | D:5      | Found a burning altar of Makhleb.
  5233 | D:5      | Found a sacrificial altar of Ru.
  5235 | D:5      | Found an ornate altar of the Wu Jian Council.
  5235 | D:5      | Found a blossoming altar of Fedhas.
  5235 | D:5      | Found a shimmering blue altar of Sif Muna.
  5672 | D:6      | Noticed Eustachio
  5715 | D:6      | Noticed Menkaure
  5784 | D:6      | Found a sparkling altar of Nemelex Xobeh.
  5796 | D:6      | Reached XP level 9. HP: 59/64 MP: 9/9
  6185 | D:6      | Killed Menkaure
  6186 | D:6      | Reached skill level 5 in Dodging
  6312 | D:6      | Reached skill level 10 in Polearms
  6369 | D:6      | Killed Eustachio
  6886 | D:7      | Noticed Duvessa
  6892 | D:7      | Killed Duvessa
  6892 | D:7      | Noticed Dowan
  6899 | D:7      | Killed Dowan
  7023 | D:7      | Reached XP level 10. HP: 70/70 MP: 10/10
  7062 | D:7      | Reached skill level 11 in Polearms
  7109 | D:7      | Found a shadowy altar of Dithmenos.
  7163 | D:8      | Noticed a komodo dragon
  7553 | D:8      | Found a runed translucent gate.
  7554 | D:8      | Found a runed translucent gate.
  7555 | D:8      | Found a runed translucent gate.
  7556 | D:8      | Noticed Ofeo's ghost (novice AtRe)
  7556 | D:8      | Noticed a nine-headed hydra
  7654 | D:8      | Reached skill level 1 in Evocations
  7684 | D:8      | Noticed a lindwurm
  7700 | D:8      | Noticed a lindwurm
  7767 | D:8      | Found a staircase to the Lair.
  7956 | D:9      | Reached skill level 12 in Polearms
  8328 | D:9      | Reached XP level 11. HP: 77/77 MP: 11/11
  8345 | D:9      | Bought a +6 ring of dexterity for 468 gold pieces
  8542 | D:9      | Found a staircase to the Orcish Mines.
  8945 | D:10     | Entered Level 10 of the Dungeon
  9099 | D:10     | Reached skill level 13 in Polearms
  9364 | D:10     | Reached skill level 1 in Stealth
  9488 | D:9      | Bought an amulet of reflection for 390 gold pieces
  9744 | D:10     | Found a shimmering altar of Xom.
  9832 | D:11     | Noticed a cyclops
  9842 | D:11     | Killed a cyclops
 10118 | D:11     | Noticed Grum
 10122 | D:11     | Reached skill level 10 in Dodging
 10134 | D:11     | Killed Grum
 10155 | D:11     | Noticed a two-headed ogre
 10162 | D:11     | Killed a two-headed ogre
 10458 | D:12     | Noticed Snorg
 10466 | D:12     | Killed Snorg
 10467 | D:12     | Reached skill level 14 in Polearms
 10467 | D:12     | Reached XP level 12. HP: 79/83 MP: 12/12
 10473 | D:12     | Noticed a two-headed ogre
 10480 | D:12     | Killed a two-headed ogre
 11315 | D:12     | Reached skill level 15 in Polearms
 11581 | D:13     | Noticed a centaur warrior
 11589 | D:13     | Noticed Sonja
 11595 | D:13     | Noticed Rupert
 11600 | D:13     | Demolished by Rupert

Illustrated notes

Levels and vault maps discovered:
D:1:      lemuel_arrival_behind_the_door_large, layout_loops_ring
D:2:      layout_loops_corners
D:3:      minmay_inner_zag, layout_loops_ring, mainiacjoe_overflow_chevrons,
          trog_butcher_becter, cheibrodos_ashenzari_chains, serial_shops,
          nicolae_shop_rolling_square, uniq_crazy_yiuf_cottage
D:4:      layout_cave_pods, nicolae_elyvilon_temple_path,
          minmay_temple_entry_mist, ebering_ghost_sewer_f,
          gup_ossuary_entry_pyramid, nicolae_shop_vocational, uniq_edmund
D:5:      layout_rooms, nicolae_overflows_in_rows
D:6:      layout_cave_pools, nemelex_dance_club_becter, uniq_menkaure,
          uniq_eustachio
D:7:      layout_loops_ring, grunt_dithmenos_shadows, serial_glass,
          glass_columns_c, glass_columns_a, glass_columns_a, glass_columns_c,
          uniq_duvessa
D:8:      layout_basic, due_lair_maze_entry_diamond, gammafunk_ghost_hydra_chop,
          st_stairs_14, minmay_lindwurm_lava
D:9:      layout_rooms, kennysheep_orc_monster_closet_entryway, st_stairs_4
D:10:     layout_irregular_city, mainiacjoe_overflow_alcove_4,
          serial_column_ruins, column_ruins_hut_pillars,
          column_ruins_columns_corner, column_ruins_open_tiny,
          column_ruins_corridor_straight, column_ruins_grid_1,
          column_ruins_open_small
D:11:     layout_irregular_city, uniq_grum
D:12:     layout_basic, lemuel_flame_loot_1, uniq_snorg
D:13:     layout_big_octagon, demons_altar, uniq_rupert, uniq_azrael,
          uniq_lodul, uniq_sonja
Temple:   hellmonk_temple_beads

Skill      XL: |  1  2  3  4  5  6  7  8  9 10 11 12 |
---------------+-------------------------------------+-----
Polearms       | 3 4 5 7 8 9 10 12 14 15 | 15.1
Dodging        | 1 4 6 8 10 | 10.0
Evocations     | 3 |  3.0
Fighting       | 4 |  4.0
Stealth        | 3 |  3.0
Armour         | |  3.2
Shields        | |  4.0

Action                     |  1- 3 |  4- 6 |  7- 9 | 10-12 || total
---------------------------+-------+-------+-------+-------++-------
  Melee: Trident           |    86 |   264 |    70 |       ||   420
         Halberd           |       |       |   137 |   427 ||   564
 Invoke: Call Merchant     |       |       |       |     1 ||     1
         Potion Petition   |       |       |       |     1 ||     1
Ability: Dig               |       |     1 |     2 |       ||     3
    Use: Scroll            |       |    14 |     4 |       ||    18
         Potion            |       |       |       |     2 ||     2
   Stab: Sleeping          |       |       |     2 |     6 ||     8
         Distracted        |       |       |     1 |     9 ||    10
 Armour: Scale mail        |    24 |    93 |     2 |       ||   119
         Ring mail         |       |       |    15 |       ||    15
         Leather armour    |       |       |    34 |    58 ||    92
  Dodge: Dodged            |    31 |    75 |   122 |   378 ||   606
  Block: Buckler           |    20 |    54 |    60 |   224 ||   358
         Reflection        |       |       |       |     3 ||     3

Table legend: (Time is in decaauts)
 A = Elapsed time spent in this place.
 B = Non-inter-level travel time spent in this place.
 C = Inter-level travel time spent in this place.
 D = Time resting spent in this place.
 E = Time spent auto-exploring this place.
 F = Levels seen in this place.
 G = Mean time per level.
                   A        B        C        D        E       F      G
               +--------+--------+--------+--------+--------+-----+--------+
         Total |  11872 |  10972 |    900 |   1090 |   6170 |  15 |  791.5 |
       Dungeon |  11312 |  10492 |    820 |   1030 |   5967 |  13 |  870.2 |
        Temple |    259 |    179 |     80 |      0 |    148 |   1 |  259.0 |
       Ossuary |    300 |    300 |      0 |     60 |     55 |   1 |  300.0 |
               +--------+--------+--------+--------+--------+-----+--------+

Top non-repeatable levels by time:
     D:4: 1304 daAuts
    D:12: 1130 daAuts
     D:3: 1110 daAuts
     D:6: 1028 daAuts
     D:7: 982 daAuts
     D:2: 955 daAuts
     D:8: 954 daAuts
    D:10: 807 daAuts
     D:9: 796 daAuts
     D:5: 793 daAuts
     D:1: 746 daAuts
    D:11: 672 daAuts
 Ossuary: 300 daAuts
  Temple: 259 daAuts
    D:13: 29 daAuts
